 Dungeon Crawl Stone Soup version 0.24.0-29-g8ce449bc06 (webtiles) character file.

Game seed: 88210740680922254, levelgen mode: deterministic

130 Flugslaktarn the Shield-Bearer (level 5, -5/42 HPs)
             Began as a Formicid Fighter on Nov 15, 2019.
             Slain by Grinder (6 damage)
             ... on level 3 of the Dungeon.
             The game lasted 00:01:07 (1981 turns).

Flugslaktarn the Shield-Bearer (Formicid Fighter)   Turns: 1981, Time: 00:01:08

Health: -5/42      AC:  7    Str: 27    XL:     5   Next: 36%
Magic:  5/5        EV:  8    Int:  7    God:
Gold:   178        SH: 11    Dex: 15    Spells: 4/4 levels left

rFire    . . .     SeeInvis +   h - -2 hand axe (curse)
rCold    . . .     Gourm    .   c - +0 shield
rNeg     . . .     Faith    .   b - +0 scale mail
rPois    .         Spirit   .   (helmet unavailable)
rElec    .         Reflect  .   (no cloak)
rCorr    .         Harm     .   (no gloves)
MR       .....                  (no boots)
Stlth    ..........             (no amulet)
HPRegen  0.14/turn              k - +5 ring of dexterity
MPRegen  0.09/turn              (no ring)

@: mighty
A: permanent stasis, dig shafts and tunnels, four strong arms, antennae 3
a: Dig, Shaft Self


You were on level 3 of the Dungeon.
You were hungry.

You visited 1 branch of the dungeon, and saw 3 of its levels.

You collected 178 gold pieces.

Inventory:

Hand Weapons
 a - a +1 war axe
 h - a cursed -2 hand axe (weapon)
   (You found it on level 3 of the Dungeon)
Armour
 b - a +0 scale mail (worn)
 c - a +0 shield (worn)
Jewellery
 k - a +5 ring of dexterity (left hand)
   (You found it on level 2 of the Dungeon)
Scrolls
 m - a scroll of enchant weapon
Potions
 d - a potion of might
 j - a potion of cancellation
 l - a potion of lignification {unknown}
 o - a potion of ambrosia {unknown}
 q - a potion of curing
 s - a potion of brilliance {unknown}
Comestibles
 e - 2 rations


   Skills:
 + Level 4.0 Fighting
 * Level 3.5 Axes
 + Level 4.0 Armour
 + Level 4.4 Shields


You had 4 spell levels left.
You didn't know any spells.
Your spell library was empty.

Dungeon Overview and Level Annotations

Branches:
Dungeon (3/15)

Altars:

Annotations:
D:3 Grinder, Jessica


Innate Abilities, Weirdness & Mutations

You cannot be hasted, slowed, berserked, paralysed or teleported.
You can dig through walls and to a lower floor.
Your four strong arms can wield two-handed weapons with a shield.
You have a pair of large antennae on your head. (SInv)


Message History

Unknown command.
You block the adder's attack.
Jessica looks very angry.
You block the adder's attack. Grinder hits you.
You writhe in agony.
* * * LOW HITPOINT WARNING * * *
You block the adder's attack.
You feel very mighty all of a sudden. The adder bites you but does no damage.
You slash the adder!
You kill the adder!
Grinder gestures at you.
You struggle to resist.
Grinder gestures at you. Pain shoots through your body!
* * * LOW HITPOINT WARNING * * *
Unknown command.
You slash Grinder!
Grinder is moderately wounded.
Grinder hits you.
You die...

##############
####........?...#
#....##########.# #.#### #.#
#.# #.# ## #.# #.# .. #.# #.#
#. ##.#############.# #$
##@..........#.....
#.####5###..#####.#.##.#
#.....@# #....# #.#.#..#
..>.......#.###..#.# #.#.#.##
#......##.##....##.###.......
#.............#.##.##...#)...
...............#.#.##.....###
........#.#####.##)##(.#.##
...[....#.# ####.##..#.####


You could see Grinder and Jessica.

Vanquished Creatures
  A hound (D:2)
  Terence (D:2)
  2 adders
  A worm (D:2)
  A dart slug (D:1)
  4 leopard geckos
  3 giant cockroaches
  6 hobgoblins
  2 jackals
  7 kobolds
  6 bats
  2 frilled lizards
  5 goblins
  11 rats
52 creatures vanquished.

Notes
Turn   | Place    | Note
-------+----------+-------------------------------------------
     0 | D:1      | Flugslaktarn the Formicid Fighter began the quest for the
                  | Orb.
     0 | D:1      | Reached XP level 1. HP: 18/18 MP: 1/1
   117 | D:1      | Reached XP level 2. HP: 24/24 MP: 2/2
   692 | D:2      | Reached XP level 3. HP: 29/29 MP: 3/3
   728 | D:2      | Reached XP level 4. HP: 22/37 MP: 4/4
  1007 | D:2      | Noticed Terence
  1022 | D:2      | Killed Terence
  1099 | D:2      | Reached XP level 5. HP: 40/42 MP: 5/5
  1957 | D:3      | Noticed Jessica
  1961 | D:3      | Noticed Grinder
  1980 | D:3      | HP: 1/42 [Grinder/nerve-wracking pain (8)]
  1981 | D:3      | Slain by Grinder

Levels and vault maps discovered:
D:1:      wander_arrival_fairy_ring, layout_basic
D:2:      layout_basic, grunt_decor_arrowhead, minmay_quantized, uniq_terence
D:3:      layout_loops_ring, minmay_fractal_squares_5, uniq_jessica,
          uniq_grinder

Skill      XL: |  1  2  3  4  5 |
---------------+----------------+-----
Shields        | 4 |  4.4
Axes           | 3 |  3.5
Fighting       | 4 |  4.0
Armour         | 4 |  4.0

Action                   |  1- 3 |  4- 6 || total
-------------------------+-------+-------++-------
Melee: War axe           |    59 |    72 ||   131
       Hand axe          |       |    26 ||    26
  Use: Scroll            |       |     7 ||     7
       Potion            |       |     1 ||     1
  Eat: Chunk             |       |     3 ||     3
Armor: Scale mail        |    27 |    37 ||    64
Dodge: Dodged            |    27 |    40 ||    67
Block: Shield            |    30 |    60 ||    90
